 Dungeon Crawl Stone Soup version 0.31-a0-832-g3a2c1c66ba (webtiles) character file.

Game seed: 15518611474807020223

919 Ijustatesigmund the Magician (level 7, -6/38 HPs)
             Began as a Deep Elf Conjurer on Sept 25, 2023.
             Was an Initiate of Vehumet.
             Engulfed by a cloud of steam (12 damage)
             ... on level 6 of the Dungeon.
             The game lasted 00:12:35 (4956 turns).

Ijustatesigmund the Magician (Deep Elf Conjurer)    Turns: 4956, Time: 00:12:35

Health: -6/38      AC:  6    Str:  4    XL:     7   Next: 83%
Magic:  5/19       EV: 17    Int: 25    God:    Vehumet [......]
Gold:   130        SH:  0    Dex: 11    Spells: 13/20 levels left

rFire   . . .        c - +7 Throatcutter {drain, coup de grace}
rCold   + . .        (no shield)
rNeg    . . .        l - +1 robe of Bagirai {Rampage Dex-2 SInv Archmagi}
rPois   .            h - +2 hat
rElec   .            (no cloak)
rCorr   .            (no gloves)
SInv    +            t - +0 pair of boots
Will    .....        (no amulet)
Stlth   ++           f - +5 ring of evasion
HPRegen 0.26/turn    w - ring of protection from cold
MPRegen 0.16/turn

%: rampage, archmagi
@: no status effects
A: no striking features
a: Renounce Religion


You were on level 6 of the Dungeon.
You worshipped Vehumet.
Vehumet was noncommittal.
You visited 1 branch of the dungeon, and saw 6 of its levels.

You collected 358 gold pieces.
You spent 228 gold pieces at shops.

Inventory:

Hand Weapons
 c - the +7 Throatcutter (weapon) {drain, coup de grace}
   (You found it on level 2 of the Dungeon)
 g - a +1 orcbow of draining
 v - the +3 trident "Monlal" {speed, rF++}
   (You took it off an orc on level 4 of the Dungeon)

   rF++:      It greatly protects you from fire.
Armour
 a - a +0 robe
 h - a +2 hat (worn)
 l - the +1 robe of Bagirai (worn) {Rampage Dex-2 SInv Archmagi}
   (You found it on level 2 of the Dungeon)

   Dex-2:     It affects your dexterity (-2).
   SInv:      It lets you see invisible.
   Rampage:   It bestows one free step when moving towards enemies.
   Archmagi:  It increases the power of your magical spells.
 t - a +0 pair of boots (worn)
Jewellery
 f - a +5 ring of evasion (left hand)
 w - a ring of protection from cold (right hand)
Scrolls
 e - 2 scrolls of fear
 k - 3 scrolls of fog
 r - a scroll of amnesia
 s - a scroll of enchant weapon
 x - 2 scrolls of brand weapon
 y - a scroll of identify
 B - a scroll of immolation
Potions
 b - a potion of magic
 d - 2 potions of attraction {unknown}
 i - a potion of might
 j - 5 potions of mutation
 m - a potion of cancellation {unknown}
 n - 3 potions of heal wounds {unknown}
 o - a potion of degeneration {unknown}
 p - 3 potions of brilliance {unknown}
 q - 3 potions of curing
 z - a potion of ambrosia {unknown}
 A - a potion of enlightenment {unknown}


   Skills:
 - Level 1.5 Fighting
 - Level 1.6 Long Blades
 - Level 2.4 Dodging
 - Level 2.4 Stealth
 + Level 7.2 Spellcasting
 + Level 7.0 Conjurations
 + Level 4.6 Translocations


You had 13 spell levels left.
You knew the following spells:

 Your Spells              Type           Power      Damage    Failure   Level
a - Magic Dart            Conj           100%       1d8       1%          1
b - Searing Ray           Conj           100%       2d8       1%          2
c - Iskenderun's Mystic   Conj/Tloc      55%        2d12      6%          4

Your spell library contained the following spells:

 Spells                   Type           Power      Damage    Failure   Level
 Dazzling Flash           Conj/Hex       80%        N/A       4%          3
 Passage of Golubria      Tloc           48%        N/A       10%         4
 Fulminant Prism          Conj/Hex       20%        3d12      16%         4
 Leda's Liquefaction      Hex/Erth       6%         N/A       54%         4
 Lee's Rapid Deconstruct  Erth           6%         3d6*      88%         5
 Silence                  Hex/Air        6%         N/A       88%         5
 Bombard                  Conj/Erth      20%        9d4       93%         6
 Lehudib's Crystal Spear  Conj/Erth      20%        10d6      100%        8


Dungeon Overview and Level Annotations

Branches:
Dungeon (6/15)
 Temple: D:4-7

Altars:
Elyvilon
Kikubaaqudgha
Makhleb
Ru
Vehumet

Shops:
D:5 !   D:6 *


Message History

You are engulfed in a cloud of scalding steam.
The steam dragon bites you! The steam dragon barely misses you. x3
Casting: Magic Dart (safe; 1% risk of failure)
Confirm with . or Enter, or press ? or * to list all spells.
You feel a surge of power!
You erupt in a blast of force!
The mystic blast hits the steam dragon!
The steam dragon is moderately wounded.
The steam dragon is knocked back by the mystic blast.
You are engulfed in a cloud of scalding steam.
Casting: Iskenderun's Mystic Blast (quite dangerous; 6% risk of failure)
Confirm with . or Enter, or press ? or * to list all spells.
You feel a surge of power!
You erupt in a blast of force!
The mystic blast hits the steam dragon!
The steam dragon is almost dead.
The steam dragon is knocked back by the mystic blast.
You are engulfed in a cloud of scalding steam.
* * * LOW HITPOINT WARNING * * *
Aiming: Throw Flame
Press: ? - help, Shift-Dir - straight line, f/p - steam dragon
Aim: a steam dragon (almost dead, catching its breath, 68% to hit)
The puff of flame misses the steam dragon.
The now-empty wand crumbles to dust.
Casting: Iskenderun's Mystic Blast (quite dangerous; 6% risk of failure)
Confirm with . or Enter, or press ? or * to list all spells.
Aiming: Searing Ray (safe; 1% risk of failure)
Press: ? - help, Shift-Dir - straight line, f/p - steam dragon
Aim: a steam dragon (almost dead, 83% to hit)
You feel a surge of power!
The searing ray hits the steam dragon but does no damage.
The steam dragon is almost dead. (Press . to maintain the ray.)
The steam dragon breathes steam at you. The ball of steam misses you.
You are engulfed in a cloud of scalding steam.
* * * LOW HITPOINT WARNING * * *
The searing ray hits the steam dragon.
You kill the steam dragon!
Vehumet accepts your kill.
You are engulfed in a cloud of scalding steam.
You die...

.. ##.# # ...+.
... .#
##.........#
#.##
.......#.#..#
)..
......#...#.#§..
........∩...#§#
......#...#...#
.......#.#§@..#
..........§§#.#
.........§.§# #
..........#.#
......#.#.#.#
..### #.#.#.#
.....##.#.#.#
........#.#.#
...#.##.#.#.#


There were no monsters in sight!

Vanquished Creatures
  A steam dragon (D:6)
  An orc warrior (D:3)
  2 centaurs
  A phantom (D:5)
  A crimson imp (D:5)
  2 hounds (D:5)
  3 orc priests
  4 iguanas
  Terence (D:2)
  2 orc wizards
  4 gnolls (D:3)
  6 adders
  An ufetubus (D:5)
  3 worms
  3 dart slugs
  12 orcs
  11 ball pythons
  8 endoplasms
  8 giant cockroaches
  6 goblins
  8 hobgoblins
  A jackal (D:3)
  7 quokkas
  6 bats
  3 frilled lizards
  9 kobolds
  7 rats
121 creatures vanquished.

Vanquished Creatures (others)
  A human (D:3)
1 creature vanquished.

Grand Total: 122 creatures vanquished

Notes
Turn   | Place    | Note
-------+----------+-------------------------------------------
     0 | D:1      | Ijustatesigmund the Deep Elf Conjurer began the quest for
                  | the Orb.
     0 | D:1      | Reached XP level 1. HP: 10/10 MP: 6/6
   274 | D:1      | Reached XP level 2. HP: 16/16 MP: 8/8
   277 | D:1      | Learned a level 2 spell: Searing Ray
  1059 | D:2      | Noticed Terence
  1065 | D:2      | Killed Terence
  1066 | D:2      | Reached skill level 1 in Fighting
  1066 | D:2      | Reached XP level 3. HP: 20/20 MP: 3/10
  1071 | D:2      | Identified the +1 robe of Bagirai {Rampage Dex-2 SInv
                  | Archmagi}
  1270 | D:2      | Reached skill level 5 in Conjurations
  1416 | D:2      | Reached XP level 4. HP: 25/25 MP: 7/12
  1421 | D:2      | Learned a level 4 spell: Iskenderun's Mystic Blast
  1725 | D:2      | Found the +7 Throatcutter {drain, coup de grace}
  1880 | D:3      | Reached skill level 1 in Translocations
  1990 | D:3      | Found a sacrificial altar of Ru.
  2165 | D:3      | Found a white marble altar of Elyvilon.
  2300 | D:3      | Noticed an orc warrior
  2308 | D:3      | Reached XP level 5. HP: 10/29 MP: 8/14
  2352 | D:3      | Killed an orc warrior
  2353 | D:3      | Reached skill level 5 in Spellcasting
  2646 | D:3      | Found an ancient bone altar of Kikubaaqudgha.
  2647 | D:3      | Noticed a human
  2650 | D:3      | Killed a human
  2683 | D:3      | Reached XP level 6. HP: 34/34 MP: 16/16
  3443 | D:4      | Reached XP level 7. HP: 38/38 MP: 13/18
  3496 | D:4      | Identified the +3 trident "Monlal" {speed, rF++}
  3910 | D:5      | Entered Level 5 of the Dungeon
  3956 | D:5      | Reached skill level 1 in Long Blades
  4056 | D:5      | Found Rinitoy's Distillery.
  4089 | D:5      | Bought 2 potions of mutation for 192 gold pieces
  4089 | D:5      | Bought a potion of curing for 36 gold pieces
  4282 | D:5      | Found a radiant altar of Vehumet.
  4283 | D:5      | Found a burning altar of Makhleb.
  4288 | D:5      | Became a worshipper of Vehumet
  4938 | D:6      | Found Jif Qosch's Overcharged Wands.
  4944 | D:6      | Noticed a steam dragon
  4956 | D:6      | Killed a steam dragon
  4956 | D:6      | Engulfed by a cloud of steam

Illustrated notes

Levels and vault maps discovered:
D:1:      dpeg_arrival_long_road, layout_basic, minmay_tromino_v4_c
D:2:      layout_rooms, grunt_decor_one_mirror, uniq_terence
D:3:      minmay_bubble_buster, layout_loops_ring, nicolae_elyvilon_temple_path,
          amcnicky_altar_gilded, tgw_kikubaaqudgha, cheibrodos_sewer_entry_bend
D:4:      layout_loops_ring, dreamdust_princess_corridor
D:5:      layout_basic, grunt_temple_overflow_lords_of_destruction,
          serial_shops, shop
D:6:      layout_basic, nicolae_shop_overcharged_wands, uniq_prince_ribbit1

Skill      XL: |  1  2  3  4  5  6  7 |
---------------+----------------------+-----
Fighting       | 1 |  1.5
Spellcasting   | 4 5 6 7 |  7.2
Conjurations   | 5 6 7 |  7.0
Translocations | 1 2 3 4 |  4.6
Long Blades    | 1 |  1.6
Dodging        | |  2.4
Stealth        | |  2.4

Action                     |  1- 3 |  4- 6 |  7- 9 || total
---------------------------+-------+-------+-------++-------
  Melee: Long sword        |       |    82 |    25 ||   107
         Punch             |       |       |     1 ||     1
   Fire: Sling             |     1 |     6 |       ||     7
   Cast: Magic Dart        |    49 |    19 |    21 ||    89
         Searing Ray       |     1 |    12 |     6 ||    19
         Iskenderun's Myst |       |     4 |     2 ||     6
  Evoke: Wand              |       |       |     1 ||     1
    Use: Scroll            |       |    10 |     2 ||    12
   Stab: Sleeping          |       |    10 |     1 ||    11
 Armour: Robe              |     1 |    51 |    18 ||    70
  Dodge: Dodged            |     2 |    72 |    29 ||   103

Table legend: (Time is in decaauts)
 A = Elapsed time spent in this place.
 B = Non-inter-level travel time spent in this place.
 C = Inter-level travel time spent in this place.
 D = Time resting spent in this place.
 E = Time spent auto-exploring this place.
 F = Levels seen in this place.
 G = Mean time per level.
                   A        B        C        D        E       F      G
               +--------+--------+--------+--------+--------+-----+--------+
         Total |   5002 |   4873 |    129 |    190 |   3974 |   6 |  833.7 |
       Dungeon |   5002 |   4873 |    129 |    190 |   3974 |   6 |  833.7 |
               +--------+--------+--------+--------+--------+-----+--------+

Top non-repeatable levels by time:
     D:3: 1174 daAuts
     D:1: 1053 daAuts
     D:5: 994 daAuts
     D:4: 970 daAuts
     D:2: 784 daAuts
     D:6: 25 daAuts
